[ PARTIDA AOE2 · #493806204 ]
UnrankedIncas vs Bohemians
Equipo del jugador · VICT
Equipo rival · DERR
[ ANÁLISIS DE REPETICIÓN · EXTRAÍDO DE LA PARTIDA GRABADA ]
Feudal
10:06
Castillos
—
Imperial
—
| APM promedio | 51.5 |
| APM pico | 97 |
| eAPM promedio | 17.0 |
| Aldeanos / militares | 33 / 8 |
Foco
⚔️ 30.6% · 🌾 69.4%
Archer ×7 · Unknown (2550) ×3 · Skirmisher ×1
Feudal
9:23
Castillos
—
Imperial
—
| APM promedio | 35.6 |
| APM pico | 68 |
| eAPM promedio | 16.1 |
| Aldeanos / militares | 34 / 10 |
Foco
⚔️ 26.0% · 🌾 74.0%
Archer ×9 · Skirmisher ×1
Mapa de la partida
Recursos iniciales + cada clic de construcción. Líneas = muros · curvas = relieve. ◆ oro · ⬟ piedra · ● bayas · ✦ reliquia · ◌ hueco del cierre
Tu base· Abierta — flanco sin cerrar
Base de ffdsfsdfsdikughfidsugrf· Abierta — hueco de 4t
Terreno inicial suavizado · ◌ = hueco del cierre detectado · pasá el cursor para detalles
Inputs por minuto
— [GDL] Lionel Zen - - ffdsfsdfsdikughfidsugrf
Build order — [GDL] Lionel Zen
80 acciones detectadas en el replay
| 0:00 | Crear | Villager (Male) |
| 0:01 | Crear | Villager (Male) |
| 0:01 | Crear | Villager (Male) |
| 0:01 | Crear | Villager (Male) |
| 0:02 | Crear | Villager (Male) |
| 0:03 | Construir | House |
| 0:04 | Construir | House |
| 1:37 | Crear | Villager (Male) |
| 1:38 | Crear | Villager (Male) |
| 1:47 | Construir | Settlement |
| 1:57 | Crear | Villager (Male) |
| 2:18 | Crear | Villager (Male) |
| 2:39 | Crear | Villager (Male) |
| 3:02 | Crear | Villager (Male) |
| 3:26 | Crear | Villager (Male) |
| 3:47 | Crear | Villager (Male) |
| 4:15 | Construir | Settlement |
| 4:30 | Crear | Villager (Male) |
| 4:52 | Crear | Villager (Male) |
| 5:21 | Crear | Villager (Male) |
| 5:42 | Crear | Villager (Male) |
| 6:04 | Construir | Barracks |
| 6:12 | Crear | Villager (Male) |
| 6:32 | Crear | Villager (Male) |
| 6:57 | Crear | Villager (Male) |
| 7:30 | Investigar | Loom |
| 7:41 | Investigar | Feudal Age |
| 8:00 | Crear | Unit 2550 |
| 8:23 | Construir | Settlement |
| 8:39 | Crear | Unit 2550 |
| 9:21 | Crear | Unit 2550 |
| 10:06 | Edad | Edad Feudal |
| 10:08 | Investigar | Tech 1402 |
| 10:08 | Investigar | Tech 1402 |
| 10:09 | Crear | Villager (Male) |
| 10:13 | Construir | Archery Range |
| 10:17 | Investigar | Double-Bit Axe |
| 10:22 | Crear | Villager (Male) |
| 10:55 | Crear | Archer |
| 11:05 | Investigar | Horse Collar |
| 11:05 | Investigar | Horse Collar |
| 11:05 | Crear | Villager (Male) |
| 11:12 | Crear | Archer |
| 11:42 | Crear | Villager (Male) |
| 11:47 | Construir | Farm |
| 11:49 | Construir | Farm |
| 11:52 | Construir | Farm |
| 12:04 | Crear | Archer |
| 12:08 | Crear | Villager (Male) |
| 12:12 | Construir | Farm |
| 12:25 | Crear | Villager (Male) |
| 12:28 | Construir | House |
| 12:44 | Crear | Archer |
| 12:55 | Crear | Villager (Male) |
| 13:27 | Crear | Archer |
| 13:38 | Construir | Blacksmith |
| 13:40 | Construir | House |
| 13:41 | Crear | Villager (Male) |
| 13:42 | Crear | Villager (Male) |
| 13:46 | Construir | Farm |
| 14:02 | Construir | House |
| 14:08 | Construir | Palisade Wall |
| 14:14 | Crear | Villager (Male) |
| 14:18 | Crear | Archer |
| 14:25 | Investigar | Fletching |
| 14:25 | Investigar | Fletching |
| 14:38 | Crear | Archer |
| 14:41 | Construir | House |
| 14:42 | Construir | House |
| 14:43 | Construir | House |
| 14:51 | Construir | House |
| 15:09 | Crear | Villager (Male) |
| 15:12 | Construir | Farm |
| 15:16 | Construir | Farm |
| 15:29 | Crear | Villager (Male) |
| 15:35 | Construir | House |
| 15:37 | Construir | House |
| 16:04 | Crear | Villager (Male) |
| 16:14 | Construir | Archery Range |
| 16:36 | Crear | Skirmisher |
Build order — ffdsfsdfsdikughfidsugrf
92 acciones detectadas en el replay
| 0:01 | Crear | Villager (Male) |
| 0:02 | Construir | House |
| 0:03 | Construir | House |
| 0:13 | Crear | Villager (Male) |
| 0:13 | Crear | Villager (Male) |
| 0:13 | Crear | Villager (Male) |
| 0:14 | Crear | Villager (Male) |
| 1:28 | Crear | Villager (Male) |
| 2:06 | Crear | Villager (Male) |
| 2:26 | Crear | Villager (Male) |
| 2:48 | Crear | Villager (Male) |
| 3:01 | Construir | Lumber Camp |
| 3:12 | Crear | Villager (Male) |
| 3:29 | Crear | Villager (Male) |
| 3:51 | Construir | House |
| 4:01 | Crear | Villager (Male) |
| 4:22 | Construir | House |
| 4:43 | Crear | Villager (Male) |
| 5:06 | Construir | Mill |
| 5:07 | Crear | Villager (Male) |
| 5:27 | Crear | Villager (Male) |
| 5:47 | Crear | Villager (Male) |
| 6:19 | Crear | Villager (Male) |
| 6:37 | Investigar | Loom |
| 7:10 | Investigar | Feudal Age |
| 7:35 | Construir | Palisade Wall |
| 7:38 | Construir | Palisade Wall |
| 7:50 | Construir | Palisade Wall |
| 8:31 | Construir | Lumber Camp |
| 8:34 | Construir | Palisade Wall |
| 8:42 | Construir | Mining Camp |
| 8:54 | Construir | Palisade Wall |
| 8:56 | Construir | Palisade Wall |
| 9:10 | Crear | Villager (Male) |
| 9:23 | Construir | House |
| 9:23 | Edad | Edad Feudal |
| 9:27 | Investigar | Double-Bit Axe |
| 9:36 | Crear | Villager (Male) |
| 9:53 | Crear | Villager (Male) |
| 9:56 | Construir | House |
| 10:25 | Crear | Villager (Male) |
| 10:28 | Construir | Mill |
| 10:31 | Construir | Mill |
| 10:42 | Construir | House |
| 10:44 | Crear | Villager (Male) |
| 10:51 | Construir | Barracks |
| 11:13 | Crear | Villager (Male) |
| 11:17 | Construir | Palisade Wall |
| 11:36 | Construir | Palisade Gate |
| 11:56 | Construir | Archery Range |
| 12:01 | Crear | Villager (Male) |
| 12:03 | Construir | Palisade Wall |
| 12:17 | Construir | Palisade Wall |
| 12:23 | Construir | Palisade Wall |
| 12:24 | Crear | Villager (Male) |
| 12:27 | Construir | Farm |
| 12:30 | Construir | Farm |
| 12:32 | Crear | Archer |
| 12:38 | Crear | Villager (Male) |
| 12:57 | Construir | Watch Tower |
| 13:00 | Construir | House |
| 13:03 | Construir | House |
| 13:16 | Crear | Archer |
| 13:19 | Crear | Villager (Male) |
| 13:38 | Crear | Archer |
| 13:56 | Crear | Villager (Male) |
| 13:59 | Construir | House |
| 14:02 | Crear | Archer |
| 14:16 | Crear | Archer |
| 14:18 | Crear | Villager (Male) |
| 14:35 | Construir | House |
| 14:40 | Crear | Villager (Male) |
| 14:42 | Crear | Archer |
| 14:53 | Construir | Farm |
| 14:56 | Crear | Archer |
| 15:02 | Construir | Blacksmith |
| 15:07 | Crear | Archer |
| 15:09 | Crear | Villager (Male) |
| 15:14 | Construir | House |
| 15:16 | Construir | House |
| 15:19 | Construir | Farm |
| 15:37 | Investigar | Fletching |
| 15:39 | Crear | Villager (Male) |
| 15:47 | Crear | Archer |
| 15:59 | Construir | Farm |
| 16:10 | Construir | House |
| 16:12 | Construir | House |
| 16:20 | Crear | Villager (Male) |
| 16:48 | Crear | Skirmisher |
| 16:50 | Construir | Farm |
| 16:53 | Construir | Mining Camp |
| 17:04 | Crear | Villager (Male) |
Cronología de la partida
| 6:04 | [GDL] Lionel Zen · first_building Barracks |
| 7:35 | ffdsfsdfsdikughfidsugrf · wall_segment Palisade Wall x7 |
| 7:38 | ffdsfsdfsdikughfidsugrf · wall_segment Palisade Wall x5 |
| 7:50 | ffdsfsdfsdikughfidsugrf · wall_segment Palisade Wall x18 |
| 8:34 | ffdsfsdfsdikughfidsugrf · wall_segment Palisade Wall x1 |
| 8:54 | ffdsfsdfsdikughfidsugrf · wall_segment Palisade Wall x1 |
| 8:56 | ffdsfsdfsdikughfidsugrf · wall_segment Palisade Wall x1 |
| 9:23 | ffdsfsdfsdikughfidsugrf · age_up feudal |
| 10:06 | [GDL] Lionel Zen · age_up feudal |
| 10:13 | [GDL] Lionel Zen · first_building Archery Range |
| 10:51 | ffdsfsdfsdikughfidsugrf · first_building Barracks |
| 11:17 | ffdsfsdfsdikughfidsugrf · wall_segment Palisade Wall x6 |
| 11:56 | ffdsfsdfsdikughfidsugrf · first_building Archery Range |
| 12:03 | ffdsfsdfsdikughfidsugrf · wall_segment Palisade Wall x1 |
| 12:17 | ffdsfsdfsdikughfidsugrf · wall_segment Palisade Wall x7 |
| 12:23 | ffdsfsdfsdikughfidsugrf · wall_segment Palisade Wall x1 |
| 14:08 | [GDL] Lionel Zen · wall_segment Palisade Wall x10 |
| 17:17 | ffdsfsdfsdikughfidsugrf · resign |
[ ANÁLISIS IA · 1 CRÉDITO ]
¿Qué pasó realmente en esta partida?
Wolo.gg analiza cada decisión: build order, eco, micro, errores típicos por bracket. Análisis personalizado por WhatsApp o Discord en 30 segundos.
Guía civ
Incas
Perfil
[GDL] Lionel Zen